 Dungeon Crawl Stone Soup version 0.18.1-51-gd549091e01 (webtiles) character file.

70 magog001 the Ducker (level 4, 0/31 HPs)
             Began as an Octopode Fighter on Apr 15, 2020.
             Slain by a jackal (2 damage)
             ... on level 1 of the Dungeon.
             The game lasted 00:05:40 (1077 turns).

magog001 the Ducker (Octopode Fighter)              Turns: 1077, Time: 00:05:41

Health: 0/31       AC: -3    Str: 21    XL:     4   Next: 21%
Magic:  4/4        EV: 11    Int: 10    God:
Gold:   54         SH:  9    Dex: 11    Spells: 0 memorised, 3 levels left

rFire  . . .     SeeInvis .     a - +0 war axe
rCold  . . .     Gourm    .     b - +0 shield
rNeg   . . .     Faith    .     (helmet restricted)
rPois  .         Spirit   .     (no amulet)
rElec  .         Dismiss  .     (no ring)
rCorr  .         Reflect  .     (no ring)
SustAt .         Harm     .     (no ring)
MR     .....                    (no ring)
Stlth  +++.......               (no ring)
                                (no ring)
                                (no ring)
                                (no ring)

@: mighty, corroded, not resistant to hostile enchantments, fairly stealthy
A: almost no armour, amphibious, 8 rings, constrict 8, camouflage 1, gelatinous
body 1
a: no special abilities


You were on level 1 of the Dungeon.
You were hungry.

You visited 1 branch of the dungeon, and saw 1 of its levels.

You collected 54 gold pieces.

Inventory:

Hand Weapons
 a - a +0 war axe (weapon)
 i - a +2 dagger of flaming
Armour
 b - a +0 shield (worn)
Scrolls
 e - a scroll of fear {unknown}
 g - 2 scrolls of identify {unknown}
Potions
 h - a potion of magic {unknown}
 j - a potion of haste {unknown}
Comestibles
 d - a bread ration


   Skills:
 * Level 3.4 Fighting
 * Level 2.1 Axes
 * Level 3.7 Dodging
 * Level 2.2 Stealth
 * Level 3.5 Shields


You had 3 spell levels left.
You didn't know any spells.

Dungeon Overview and Level Annotations

Branches:
Dungeon (1/15)

Altars:


Innate Abilities, Weirdness & Mutations

You cannot wear most types of armour.
You are amphibious.
You can wear up to eight rings at the same time.
You can use your tentacles to constrict eight enemies at once.
Your skin changes colour to match your surroundings (Stealth).
Your rubbery body absorbs attacks (AC +1).


Message History

Your Stealth skill increases to level 2!
You have reached level 4!
You hit the kobold.
The kobold is moderately wounded.
You block the kobold's attack. The jackal closely misses you.
You block the kobold's attack.
The ooze jiggles.
The jackal bites you.
* * * LOW HITPOINT WARNING * * *
Drink which item? (? for menu, Esc to quit)
You feel very mighty all of a sudden. The jackal bites you.
* * * LOW HITPOINT WARNING * * *
You block the kobold's attack.
You hit the kobold.
You kill the kobold!
You hit the jackal.
The jackal is lightly wounded.
You block the jackal's attack. The jackal bites you.
You die...

#.#.#...)###.......#.# #.##÷.#.
#.#.#.###########...####.###.#.
##.#.#..................#.# K..
##.......###############.#.# ##..
.........#.............#.#.####..
.........#.............#.#.##....
.........#......rJ.....#.#.##....
....#.#..#######h#######.#.##....
##.......#......@).....#.#.##....
#..#....'⌠....###....⌠'.........
#..#..#.#......<......#..###....
+#.##..#.#..⌠...>...⌠..#..# #.#.#
.......#.###+#######+###..# #.#.#
.......#..................# #.#.#
...##.#######..###.##########.#.#
...............# #)...........#.#
.......#######.# ####.#########..


You could see an ooze, a jackal and a rat.

Vanquished Creatures
  A jelly (D:1)
  2 oozes (D:1)
  2 dart slugs (D:1)
  A giant gecko (D:1)
  4 giant cockroaches (D:1)
  A goblin (D:1)
  2 hobgoblins (D:1)
  4 kobolds (D:1)
  A ball python (D:1)
  4 bats (D:1)
  A giant newt (D:1)
  7 rats (D:1)
30 creatures vanquished.

Notes
Turn   | Place    | Note
--------------------------------------------------------------
     0 | D:1      | magog001 the Octopode Fighter began the quest for the Orb.
     0 | D:1      | Reached XP level 1. HP: 16/16 MP: 1/1
     1 | D:1      | Found a runed door.
     9 | D:1      | Noticed a jelly
   189 | D:1      | Reached XP level 2. HP: 21/21 MP: 2/2
   828 | D:1      | Reached XP level 3. HP: 23/26 MP: 3/3
  1072 | D:1      | Reached skill level 1 in Stealth
  1075 | D:1      | Reached XP level 4. HP: 7/31 MP: 4/4
  1077 | D:1      | Slain by a jackal

Skill      XL: |  1  2  3 |
---------------+----------+-----
Stealth        | 2 |  2.2
Fighting       | |  3.4
Axes           | |  2.1
Dodging        | |  3.7
Shields        | |  3.5

Action                   |  1- 3 |  4- 6 || total
-------------------------+-------+-------++-------
Melee: War axe           |    46 |     1 ||    47
       Constrict         |    14 |       ||    14
       Tentacles         |     8 |       ||     8
  Use: Potion            |       |     1 ||     1
 Stab: Sleeping          |     7 |       ||     7
Armor: Skin              |     9 |       ||     9
Dodge: Dodged            |    16 |     1 ||    17
Block: Shield            |    21 |     4 ||    25
